AoeStats
← alfredoruninm

Fortress

509534859Analyzed
2v2 RM · 4d ago on Sep 27, 2026· 52m 25s· 4 players
Game mode
Random Map
Map size
Normal (6 player)
Population
200
Speed
Normal
Resources
Standard
Victory
Conquest
Starting age
Dark Age
Ending age
Imperial Age
RankedLock teamsTeams togetherTeam positionsShared explorationLock speedFull tech treeHidden civsTurbo modeCheats
Victory
Defeat
🇨🇱 Mapuche · Chile
1110
+16
🇨🇱 Byzantines · Chile
1095
+17
🇨🇦 Saracens · Canada
1121
-17
🇨🇦 Saxons · Canada
1108
-16
Autopawn
7:13 Feudal Age
8:26 Double-Bit Axe
9:17 Loom
13:18 Castle Age
14:23 Scale Barding Armor
14:21 Horse Collar
18:46 Forging
23:55 Wheelbarrow
23:54 Fletching
25:19 Elite Skirmisher
29:23 Imperial Age
27:39 Hand Cart
27:18 Gold Mining
27:51 Crossbowman
28:33 Padded Archer Armor
28:29 Bodkin Arrow
28:35 Padded Archer Armor
30:50 Chain Barding Armor
31:37 Leather Archer Armor
33:05 Plate Barding Armor
34:10 Heavy Plow
34:52 Elite Cataphract
38:19 Iron Casting
39:09 Logistica
39:45 Ballistics
39:52 Husbandry
39:13 Light Cavalry
40:45 Conscription
41:56 Chemistry
42:51 Hussar
43:57 Fortified Wall
47:36 Thumb Ring
49:14 Capped Ram
52:35 Gold Shaft Mining
53:02 Bow Saw
53:26 Crop Rotation
alfredoruninm
8:08 Feudal Age
11:37 Castle Age
9:52 Double-Bit Axe
10:17 Horse Collar
12:21 Loom
12:41 Town Watch
12:53 Elite Skirmisher
15:51 Fletching
15:24 Elite Skirmisher
19:31 Bodkin Arrow
19:37 Padded Archer Armor
21:15 Forging
23:14 Wheelbarrow
23:39 Leather Archer Armor
24:39 Hand Cart
30:01 Imperial Age
28:59 Ballistics
29:53 Town Patrol
31:06 Butalmapu
32:11 Ring Archer Armor
32:45 Chemistry
32:02 Elite Bolas Rider
35:13 Siege Engineers
37:33 Malon
37:56 Conscription
41:58 Bombard Tower
41:49 Masonry
42:26 Iron Casting
MagnumXL
6:53 Feudal Age
10:40 Castle Age
8:42 Double-Bit Axe
9:34 Horse Collar
9:56 Gold Mining
11:09 Forging
10:59 Scale Mail Armor
11:52 Bow Saw
16:09 Scale Mail Armor
17:08 Chain Mail Armor
26:00 Wheelbarrow
28:57 Heavy Plow
30:28 Gambesons
30:44 Squires
30:30 Arson
35:34 Iron Casting
38:12 Imperial Age
37:52 Hand Cart
38:22 Elite Varangian Guard
39:37 Plate Mail Armor
39:09 Shield Wall
39:22 Capped Ram
42:36 Siege Ram
46:24 Conscription
FredproQc69
0:32 Loom
7:46 Feudal Age
12:14 Castle Age
10:18 Double-Bit Axe
11:11 Horse Collar
11:39 Gold Mining
14:08 Scale Mail Armor
14:26 Forging
25:13 Bow Saw
25:05 Heavy Plow
27:59 Wheelbarrow
29:04 Husbandry
31:56 Hand Cart
35:10 Imperial Age
34:19 Bloodlines
35:27 Heavy Camel Rider
37:11 Conscription
40:04 Parthian Tactics
39:47 Thumb Ring
39:11 Heavy Cavalry Archer
40:46 Fletching
40:57 Padded Archer Armor
42:04 Ballistics
42:46 Chemistry
43:31 Bodkin Arrow
43:51 Leather Archer Armor
Connection lost

Rejoining the realm…

Still unreachable

The connection could not be restored.

Session expired

The server has moved on; the page needs a fresh start.